 Dungeon Crawl Stone Soup version 0.27.1-37-g7b29ead8ac (console) character file.

Game seed: 16229263146442968374

1162 grimtooth the Cleaver (level 8, -6/62 HPs)
             Began as a Palentonga Abyssal Knight on Apr 22, 2023.
             Was a Believer of Lugonu.
             Engulfed by a steam dragon's steam (7 damage)
             ... on level 6 of the Dungeon.
             The game lasted 00:25:38 (6702 turns).

grimtooth the Cleaver (Palentonga Abyssal Knight)   Turns: 6702, Time: 00:25:39

Health: -6/62      AC:  4    Str: 23    XL:     8   Next: 17%
Magic:  11/12      EV:  9    Int: 13    God:    Lugonu [**....]
Gold:   191        SH:  0    Dex: 10    Spells: 7/7 levels left

rFire    . . .     SeeInvis +   a - +1 hand axe
rCold    . . .     Faith    .   (no shield)
rNeg     . . .     Spirit   .   b - +0 leather armour
rPois    .         Reflect  .   (no helmet)
rElec    .         Harm     .   (no cloak)
rCorr    .         Rampage  .   (no gloves)
Will     .....                  (no barding)
Stlth    +.........             (no amulet)
HPRegen  0.00/turn              d - +6 ring of strength
MPRegen  0.13/turn              j - ring of flight

@: flying, inhibited regen
A: large, rugged brown scales 3, see invisible, deformed body, roll 1, armoured
tail, reflexive curl, sense surroundings 1, inhibited regeneration
a: Rolling Charge, Renounce Religion, Depart the Abyss, Bend Space


You were on level 6 of the Dungeon.
You worshipped Lugonu.
Lugonu was pleased with you.
You visited 1 branch of the dungeon, and saw 6 of its levels.
You visited the Abyss 1 time.

You collected 191 gold pieces.

Inventory:

Hand Weapons
 a - a +1 hand axe (weapon)
 e - a +2 whip of pain
 w - a +0 mace of venom
Missiles
 f - 95 stones
 n - 15 sling bullets
 u - 29 poisoned darts (quivered)
Armour
 b - a +0 leather armour (worn)
Jewellery
 d - a +6 ring of strength (left hand)
 j - a ring of flight (right hand)
Wands
 g - a wand of mindburst (8)
 t - a wand of acid (4)
Scrolls
 h - a scroll of amnesia {unknown}
 i - 2 scrolls of teleportation {unknown}
 l - a scroll of holy word {unknown}
 m - a scroll of acquirement {unknown}
 p - a scroll of immolation {unknown}
 q - a scroll of enchant weapon {unknown}
 s - 2 scrolls of blinking {unknown}
 v - a scroll of identify {@r4}
Potions
 c - 2 potions of cancellation
 k - 3 potions of mutation
 o - a potion of brilliance {unknown}
 r - a potion of lignification


   Skills:
 + Level 3.4 Fighting
 * Level 8.3 Axes
 - Level 1.5 Armour
 - Level 0.7 Dodging
 - Level 6.0 Invocations


You had 7 spell levels left.
You didn't know any spells.
Your spell library contained the following spells:

 Spells                   Type           Power      Damage    Failure   Level
 Beastly Appendage        Tmut           0%         N/A       34%         1
 Shock                    Conj/Air       0%         1d3       34%         1
 Wereblood                Tmut           0%         N/A       47%         2
 Spider Form              Tmut/Pois      0%         N/A       71%         3
 Swiftness                Air            0%         N/A       71%         3
 Airstrike                Air            0%         N/A       98%         4
 Animate Dead             Necr           0%         N/A       98%         4
 Borgnjor's Vile Clutch   Necr/Erth      0%         N/A       100%        5
 Death Channel            Necr           0%         N/A       100%        6


Dungeon Overview and Level Annotations

Branches:
Dungeon (6/15)             Temple (0/1) D:5

Altars:
Kikubaaqudgha

Shops:
D:2 :

Annotations:
D:3 3 runed translucent doors, person50605's ghost, amateur DsGl
D:4 1 runed translucent door, Crazy Yiuf
D:5 Grinder


Innate Abilities, Weirdness & Mutations

You are completely covered in rugged brown scales. (AC +3, +7% HP)
You have supernaturally acute eyesight. (SInv)
Armour fits poorly on your strangely shaped body.
You can roll at nearby foes to attack.
You have a long armoured tail.
You curl defensively after being hit.
You passively map a small area around you.
You do not regenerate when monsters are visible.


Message History

Aiming: Corrosive Bolt
Press: ? - help, Shift-Dir - straight line, f - steam dragon
Aim: a steam dragon (71% to hit)
The bolt of acid hits the steam dragon!
The steam dragon is splashed with acid.
The steam dragon is severely wounded.
The bolt of acid hits the orc!
The orc is splashed with acid.
You kill the orc!
Lugonu accepts your kill.
An ogre comes into view. It is wielding a +0 giant club.
The steam dragon breathes steam at you. The ball of steam hits you.
It was a potion of mutation.
You feel extremely strange.
Your regeneration stops near monsters.
You feel a strange attunement to the structure of the dungeons.
You are engulfed in a cloud of scalding steam.
* * * LOW HITPOINT WARNING * * *
The steam dragon closely misses you. The steam dragon claws you.
* * * LOW HITPOINT WARNING * * *
It was a potion of cancellation.
You feel magically purged.
You are engulfed in a cloud of scalding steam.
* * * LOW HITPOINT WARNING * * *
The steam dragon bites you.
* * * LOW HITPOINT WARNING * * *
The steam dragon claws you.
* * * LOW HITPOINT WARNING * * *
You don't have enough health at the moment.
Okay, then.
Okay, then.
You don't know any spells.
Unknown command.
You're standing in a cloud of steam!
Unknown command.
Drop what? 23/52 slots (_ for help) (? for menu, Esc to quit)
Okay, then.
Enter note: - could you show up at a worse time
As you read the scroll labelled GONGYTH UNOAG, it crumbles to dust.
It is a scroll of identify.
r - a potion of lignification You are engulfed in a cloud of scalding steam.
You die...

#.# ).# #.# * * #o# # *
* ##.##### .., ,, *,
#......# ... , * ,*
#.<....# .... ,
#......#. *.)... ,
#..o....(#
....§.########......###
*.....§O@D..ooo..#####
* *###.#.########### *
, ,# **, , , * * , * ,*
* * , , * , , , * , , ,
*


You could see a steam dragon, an ogre and 3 orcs.

Vanquished Creatures
  A water moccasin (D:6)
  An orc warrior (D:5)
  A black bear (D:5)
  An ogre (D:5)
  A kobold brigand (D:5)
  3 scorpions
  A water moccasin skeleton (D:5)
  A howler monkey (D:4)
  A centaur zombie (D:5)
  An orc priest (D:5)
  2 jellies (D:5)
  2 hounds
  Ijyb (D:5)
  An iguana (D:4)
  2 orc wizards
  2 hound skeletons (D:4)
  6 adders
  An ufetubus (D:5)
  2 worms (D:2)
  2 dart slugs
  8 orcs
  4 ball pythons
  6 endoplasms
  3 giant cockroaches
  9 goblins
  6 hobgoblins
  9 jackals
  3 quokkas
  3 bats
  2 frilled lizards (D:2)
  12 kobolds
  A quokka skeleton (D:4)
  2 rats
101 creatures vanquished.

Vanquished Creatures (others)
  An orc (D:6)
  8 plants (D:4)
9 creatures vanquished.

Grand Total: 110 creatures vanquished

Notes
Turn   | Place    | Note
-------+----------+-------------------------------------------
     0 | Abyss:1  | grimtooth the Palentonga Abyssal Knight began the quest for
                  | the Orb.
     0 | Abyss:1  | Reached XP level 1. HP: 19/19 MP: 2/2
    13 | Abyss:1  | Found a corrupted altar of Lugonu.
    36 | Abyss:1  | Noticed a large abomination
    37 | Abyss:1  | Noticed a smoke demon
    40 | D:1      | Escaped the Abyss
   228 | D:1      | Reached XP level 2. HP: 25/25 MP: 3/3
   653 | D:1      | Reached * piety under Lugonu
   784 | D:1      | Reached skill level 3 in Axes
  1161 | D:2      | Reached XP level 3. HP: 29/31 MP: 3/5
  1902 | D:2      | Reached XP level 4. HP: 29/37 MP: 6/6
  1902 | D:2      | - wait THREE
  2215 | D:2      | Reached skill level 4 in Axes
  2217 | D:2      | Reached ** piety under Lugonu
  2415 | D:2      | Found Feplihiutz's Book Emporium.
  2700 | D:3      | Found a runed translucent gate.
  2700 | D:3      | Found a runed translucent gate.
  2700 | D:3      | Found a runed translucent gate.
  2830 | D:3      | Noticed person50605's ghost (amateur DsGl)
  3203 | D:3      | Noticed a scorpion
  3207 | D:3      | Killed a scorpion
  3208 | D:3      | Reached XP level 5. HP: 39/43 MP: 7/7
  3589 | D:4      | Noticed an orc warrior
  3696 | D:4      | Reached skill level 5 in Axes
  4013 | D:4      | Reached XP level 6. HP: 47/50 MP: 9/9
  4065 | D:4      | Found a runed translucent door.
  4066 | D:4      | Noticed Crazy Yiuf
  4132 | D:4      | Found an ancient bone altar of Kikubaaqudgha.
  4542 | D:5      | Entered Level 5 of the Dungeon
  4798 | D:5      | Reached skill level 6 in Axes
  5655 | D:5      | Reached skill level 5 in Invocations
  5655 | D:5      | Gained mutation: You curl defensively after being hit.
                  | [Palentonga growth]
  5655 | D:5      | Reached XP level 7. HP: 36/55 MP: 10/10
  5772 | D:5      | Noticed Ijyb
  5794 | D:5      | Killed Ijyb
  6095 | D:5      | Found a staircase to the Ecumenical Temple.
  6121 | D:5      | Reached skill level 7 in Axes
  6532 | D:5      | Reached skill level 8 in Axes
  6532 | D:5      | Reached XP level 8. HP: 49/62 MP: 12/12
  6591 | D:5      | Noticed Grinder
  6700 | D:6      | Gained mutation: You do not regenerate when monsters are
                  | visible. [potion of mutation]
  6700 | D:6      | Gained mutation: You passively map a small area around you.
                  | [potion of mutation]
  6701 | D:6      | HP: 2/62 [steam dragon (3)]
  6702 | D:6      | - could you show up at a worse time
  6702 | D:6      | Engulfed by a steam dragon's steam

Illustrated notes #.............####.##.## #.####.#####.#.........>. #.# #........##### #.# ########.# #.# ##########.# ###.###..........# .........######### ##.###..# #.# #..# #.#####.###..# .......SS@...# .......#####.# ..##### #.# ..# ## Turn 1902 on D:2: - wait THREE

#.# ).# #.# * * #o# # *
* ##.##### .., ,, *,
#......# ... , * ,*
#.<....# .... ,
#......#. *.)... ,
#..o....(#
....§.########......###
*.....§O@D..ooo..#####
* *###.#.########### *
, ,# **, , , * * , * ,*
* * , , * , , , * , , ,
*


Turn 6702 on D:6: - could you show up at a worse time

Levels and vault maps discovered:
D:1:      dpeg_arrival_short_road, layout_rooms, feat_on_display
D:2:      layout_loops_ring, serial_shops, shop
D:3:      layout_basic, gammafunk_ghost_icy
D:4:      layout_loops_ring, general_overflow_altar, palyth_stone_intersect,
          serial_bayou_crossing, uniq_crazy_yiuf_cottage
D:5:      cheibrodos_thug_alley, layout_loops_ring, kennysheep_little_box,
          minmay_temple_entry_arrows, serial_shops, kennysheep_mini,
          uniq_edmund, uniq_grinder, uniq_ijyb
D:6:      kennysheep_steamy, layout_basic, okawaru_altar_gauntlet_db,
          minivault_24

Skill      XL: |  1  2  3  4  5  6  7 |
---------------+----------------------+-----
Axes           | 3 4 5 6 8 |  8.3
Invocations    | 3 4 5 6 |  6.0
Fighting       | |  3.4
Armour         | |  1.5
Dodging        | |  0.7

Action                   |  1- 3 |  4- 6 |  7- 9 || total
-------------------------+-------+-------+-------++-------
Melee: Hand axe          |   117 |   146 |    53 ||   316
       Tailslap          |    11 |    24 |     7 ||    42
Throw: Stone             |    17 |    19 |     1 ||    37
       Dart              |       |     3 |     8 ||    11
Invok: Depart the Abyss  |     1 |       |       ||     1
       Bend Space        |       |       |     2 ||     2
 Abil: Rolling Charge    |    26 |    30 |     9 ||    65
Evoke: Wand              |       |       |     7 ||     7
  Use: Potion            |       |       |     3 ||     3
       Scroll            |       |       |     1 ||     1
Armor: Leather armour    |    28 |    36 |    10 ||    74
Dodge: Dodged            |    46 |    54 |    20 ||   120
